oijkj, neutral female gnomish Healer ########## -----# |...|# ----- ....|# |...| # ###|..oo@######|.*.| #################o...| # |...| # # ----- ###|...| # [-...| # ----- # # ## ## ----------- #--...`......+ #|<..........| #............| |...........| ............| ------------- oijkj the Empiric Experience level: 3 Strength: 10 Dexterity: 8 Constitution: 16 Intelligence: 12 Wisdom: 14 Charisma: 16 Health: 0(27) Energy: 20(20) Def: 5 Gold: 1809 Moves: 1599 Dungeon seed: Df64YahE8MbwFlSc Game ID: oijkj_1466649859 Your Inventory: Coins $ - 1809 gold pieces Weapons m - a very corroded +2 aklys (weapon in hand) Armor e - an uncursed burnt +1 pair of leather gloves (being worn) y - a blessed +0 scale mail (being worn) Comestibles k - 4 blessed eucalyptus leaves l - 5 uncursed apples A - an uncursed food ration Scrolls C - an uncursed scroll of remove curse D - an uncursed scroll of scare monster Spellbooks h - a blessed spellbook of healing i - a blessed spellbook of extra healing Potions c - 2 uncursed potions of healing f - 3 uncursed potions of extra healing r - an uncursed potion of fruit juice Wands g - a wand of sleep (0:7) Gems q - an uncursed aquamarine stone Spells and supernatural/magical abilities: Name Level Category Fail Memory h - healing 1 healing 53% 95% x - extra healing 3 healing 66% 93% S - stone to flesh 3 healing 83% 93% W - pray for help -- divine ? -- Your skills at the end: Miscellaneous Skills wands [Basic] Weapon Skills knife [Basic] crossbow [Basic] Spellcasting Skills healing spells [Basic] Final Attributes: You were devoutly aligned. You were poison resistant. You had infravision. You are dead. Vanquished creatures: an iguana 2 hobbits 2 geckos a giant rat a cave spider a green mold 5 manes 8 jackals a fox 4 newts a goblin a sewer rat 2 grid bugs 2 lichens 32 creatures vanquished. Voluntary challenges: You did not adorn yourself with jewelry or accessories. You were an atheist. You used a wielded weapon 53 times, starting on turn 1. You did not apply a unicorn horn. You read items or engraved 9 times, starting on turn 260. You never genocided any monsters. You never polymorphed an object. You never changed form. You used no wishes. You never split a pudding. You never wrote Elbereth's name. You never violated your personal moral code. Dungeon overview: The Dungeons of Doom: levels 1 to 7 Level 1 a long staircase Level 2 Level 3 Level 4 a general store Level 5 Level 6 Level 7 <- You were here History has recorded: On T:1 you entered the Dungeons of Doom to retrieve the Amulet of Yendor! On T:220 you reached level 2 of The Dungeons of Doom. On T:276 you reached level 3 of The Dungeons of Doom. On T:558 you reached level 4 of The Dungeons of Doom. On T:560 you advanced to experience level 2. On T:943 you advanced to experience level 3. On T:1124 you reached level 5 of The Dungeons of Doom. On T:1407 you reached level 6 of The Dungeons of Doom. On T:1462 you reached level 7 of The Dungeons of Doom. Score breakdown: Gold: 589 ( 58 points) Experience: 3 levels ( 200 points) Exploration: 7 levels ( 180 points) Discoveries: 4 items ( 200 points) Variety of kills: 14 monsters ( 700 points) Major goal: (nothing yet) ( 0 points) Survival: died (score multiplied by 3) Total score: 4014 Latest messages: You must have been exercising. Use the 'moveonly' command to move into a remembered wall. You can see again. The door resists! The door opens. You see here 7 rocks. You are beginning to feel hungry. You kill the goblin! There are a few objects here. This goblin corpse tastes terrible! You finish eating the goblin corpse. The hill orc wields a curved sword! You hit the hill orc. The hill orc is lightly wounded. The hill orc swings her curved sword. The hill orc slashes you! You hit the hill orc. The hill orc is moderately wounded. The hill orc swings her curved sword. The hill orc slashes you! You die... Final status: Goodbye oijkj the Healer, killed by a hill orc... You died in The Dungeons of Doom on dungeon level 7 with 4014 points, and 1809 pieces of gold, after 1599 moves. You were level 3 with a maximum of 27 hit points when you died.